 Dungeon Crawl Stone Soup version 0.31-a0-1074-g0b22e4e0f1 (webtiles) character file.

Game seed: 10668722645009258762

92680 strifetoe the Marksminotaur (level 15, -8/138 HPs)
             Began as a Minotaur Fighter on Dec 2, 2023.
             Was the Champion of Makhleb.
             Mangled by a two-headed ogre
             ... wielding a +0 giant club
              (10 damage)
             ... on level 15 of the Dungeon on Dec 3, 2023.
             The game lasted 00:44:52 (24089 turns).

strifetoe the Marksminotaur (Minotaur Fighter)     Turns: 24089, Time: 00:44:53

Health: -8/138     AC: 30    Str: 25    XL:     15   Next: 58%
Magic:  16/16      EV:  6    Int:  8    God:    Makhleb [******]
Gold:   1448       SH:  0    Dex: 19    Spells: 14/14 levels left

rFire   . . .        a - +1 war axe (freeze)
rCold   . . .        (no shield)
rNeg    . . .        l - +1 crystal plate armour
rPois   .            (helmet restricted)
rElec   .            (no cloak)
rCorr   +            L - +0 pair of gloves
SInv    +            G - +2 pair of boots
Will    ++...        J - amulet of Reuseih {Faith Will+ rCorr Int+3 Slay+2 Stlth-} Stlth
                     f - +4 ring of slaying
HPRegen 0.43/turn    y - ring "Boemm" {rCorr Dex+6 Slay-2 SInv}
MPRegen 0.15/turn

%: faith
@: no status effects
A: horns 2, retaliatory headbutt
a: Renounce Religion, Minor Destruction, Lesser Servant of Makhleb, Major
Destruction, Greater Servant of Makhleb


You were on level 15 of the Dungeon.
You worshipped Makhleb.
Makhleb was exalted by your worship.
You visited 4 branches of the dungeon, and saw 23 of its levels.
You also visited: Gauntlet.

You collected 1824 gold pieces.
You spent 376 gold pieces at shops.

Inventory:

Hand Weapons
 a - a +1 war axe of freezing (weapon)
 b - the +6 arbalest "Damnation" {damnation}
   (You found it on level 8 of the Dungeon)
 z - a +0 battleaxe of venom
 M - the +10 zealot's sword {holy, Zealotry, *Rage rN+ EV+3}
   (You found it on level 4 of the Lair of Beasts)

   Zealotry:  Whenever the wielder enters a berserk rage, their allies are
   berserked alongside them.
   EV+3:      It affects your evasion (+3).
   rN+:       It protects you from negative energy.
   *Rage:     It berserks you when you make melee attacks (+20% chance).
 N - the +2 hand axe of Blood-Lust {vamp, rPois rC+}
   (You found it on level 4 of the Lair of Beasts)

   rC+:       It protects you from cold.
   rPois:     It protects you from poison
Armour
 h - the +2 plate armour of Kaumofiapt {Rampage rPois}
   (You found it on level 4 of the Lair of Beasts)

   rPois:     It protects you from poison Rampage: It bestows one free step when
   moving towards enemies.
 l - a +1 crystal plate armour (worn)
 G - a +2 pair of boots (worn)
 L - a +0 pair of gloves (worn)
Jewellery
 c - a ring of poison resistance
 f - a +4 ring of slaying (left hand)
 y - the ring "Boemm" (right hand) {rCorr Dex+6 Slay-2 SInv}
   (You found it in a Gauntlet)

   [ring of resist corrosion]

   Dex+6:     It affects your dexterity (+6).
   Slay-2:    It affects your accuracy & damage with ranged weapons and melee
   (-2).
   SInv:      It lets you see invisible.
   rCorr:     It protects you from acid and corrosion.
 D - a ring of protection from cold
 E - a +6 ring of dexterity
 F - the amulet "Igemumue" {Spirit Slay+3}
   (You found it in a Gauntlet)

   [amulet of guardian spirit]

   Spirit:    It causes incoming damage to be divided between your reserves of
   health and magic.
   Slay+3:    It affects your accuracy & damage with ranged weapons and melee
   (+3).
 I - a ring of flight
 J - the amulet of Reuseih (around neck) {Faith Will+ rCorr Int+3 Slay+2 Stlth-}
   (You found it on level 4 of the Lair of Beasts)

   [amulet of faith]

   Faith:     It allows you to gain divine favour quickly.
   Int+3:     It affects your intelligence (+3).
   Slay+2:    It affects your accuracy & damage with ranged weapons and melee
   (+2).
   Will+:     It increases your willpower.
   rCorr:     It protects you from acid and corrosion.
   Stlth-:    It makes you less stealthy.
 K - a ring of fire
Wands
 m - a wand of mindburst (9)
 r - a wand of flame (50)
 s - a wand of iceblast (6)
 x - a wand of quicksilver (7)
Scrolls
 e - 11 scrolls of identify
 i - 2 scrolls of enchant armour
 j - 2 scrolls of fear
 n - 2 scrolls of teleportation
 o - a scroll of brand weapon
 t - 6 scrolls of enchant weapon
 u - 3 scrolls of revelation
 v - 5 scrolls of blinking
Potions
 d - 3 potions of might
 g - 15 potions of curing
 k - 2 potions of enlightenment
 p - 3 potions of haste
 w - 2 potions of cancellation
 A - 2 potions of resistance
 B - 2 potions of heal wounds
 C - 2 potions of invisibility
 H - a potion of brilliance


   Skills:
 + Level 14.2 Fighting
 + Level 17.5 Axes
 - Level 18.0 Ranged Weapons
 + Level 15.2 Armour
 - Level 6.1 Shields
 - Level 3.2 Invocations


You had 14 spell levels left.
You didn't know any spells.
Your spell library contained the following spells:

 Spells                   Type           Power      Damage    Failure   Level
 Blink                    Tloc           0%         N/A       100%        2
 Cigotuvi's Dreadful Rot  Necr/Pois/Air  0%         N/A       100%        2
 Ensorcelled Hibernation  Hex/Ice        0%         N/A       100%        2
 Passwall                 Tmut/Erth      0%         N/A       100%        2
 Sublimation of Blood     Necr           0%         N/A       100%        2
 Wereblood                Tmut           0%         N/A       100%        2
 Dazzling Flash           Conj/Hex       0%         N/A       100%        3
 Ignite Poison            Fire/Tmut/Pois 0%         N/A       100%        3
 Swiftness                Air            0%         N/A       100%        3
 Volatile Blastmotes      Fire/Tloc      0%         2d10      100%        3
 Animate Dead             Necr           0%         N/A       100%        4
 Manifold Assault         Tloc           0%         N/A       100%        4
 Petrify                  Tmut/Erth      0%         N/A       100%        4
 Sticky Flame             Conj/Fire      0%         2d3       100%        4
 Fireball                 Conj/Fire      0%         3d3       100%        5
 Irradiate                Conj/Tmut      0%         3d11      100%        5
 Conjure Ball Lightning   Conj/Air       0%         3x3d6     100%        6
 Starburst                Conj/Fire      0%         6d3       100%        6
 Haunt                    Necr/Summ      0%         N/A       100%        7
 Borgnjor's Revivificati  Necr           0%         N/A       100%        8
 Discord                  Hex            0%         N/A       100%        8
 Disjunction              Tloc           0%         N/A       100%        8
 Ignition                 Fire           0%         3d3       100%        8
 Maxwell's Capacitive Co  Air            0%         ∞         100%        8
 Death's Door             Necr           0%         N/A       100%        9


Dungeon Overview and Level Annotations

Branches:
Dungeon (15/15)            Temple (1/1) D:4            Lair (5/5) D:11
  Swamp (0/4) Lair:3        Snake (0/4) Lair:2        Slime (0/5) Lair:5
    Orc (2/2) D:10            Elf (0/3) Orc:2        Vaults (0/5) D:13
 Depths (0/4) D:15        Gauntlet (visited)

Altars:
Ashenzari
Cheibriados
Dithmenos
Elyvilon
Fedhas
Gozag
Hepliaklqana
Kikubaaqudgha
Makhleb
Nemelex Xobeh
Okawaru
Qazlal
Ru
Sif Muna
Trog
Uskayaw
Vehumet
Wu Jian
Xom
Yredelemnul
Zin
The Shining One
Jiyva

Shops:
D:2 ?*[[[   D:6 *[:   Orc:1 [   Orc:2 ([=:

Portals:
Trove: D:13 (give 7 scrolls of fear)

Annotations:
D:11 2 runed translucent doors, RabbitInGlasses's ghost, journeyman DrEE
Lair:5 2 transporters, Giseadgh's ghost, adept FoFi


Innate Abilities, Weirdness & Mutations

You have a pair of horns on your head.
You reflexively headbutt those who attack you in melee.


Message History

You feel better.
The damnation bolt explodes!
The damnation engulfs the two-headed ogre!
The two-headed ogre is severely wounded.
The damnation engulfs the two-headed ogre!
The two-headed ogre is heavily wounded.
The two-headed ogre hits you but does no damage. x2
The two-headed ogre hits you with a +0 giant club!
The two-headed ogre hits you but does no damage.
The ogre mage hits you from afar with a +0 halberd.
Your +1 war axe of freezing glows with a cold blue light!
a - a +1 war axe of freezing (weapon)
Unknown command.
Your +1 war axe of freezing stops glowing.
b - the +6 arbalest "Damnation" (weapon)
{damnation} The two-headed ogre hits you with a +0 giant spiked club.
The two-headed ogre hits you but does no damage.
The two-headed ogre barely misses you.
The two-headed ogre hits you but does no damage.
Your +1 war axe of freezing glows with a cold blue light!
a - a +1 war axe of freezing (weapon)
The ogre mage barely misses you.
The two-headed ogre hits you with a +0 giant spiked club!!
* * * LOW HITPOINT WARNING * * *
The two-headed ogre hits you but does no damage.
Unknown command.
You slash the two-headed ogre! You freeze the two-headed ogre.
The two-headed ogre is moderately wounded.
You slash the two-headed ogre! You freeze the two-headed ogre.
You slice the two-headed ogre!! You freeze the two-headed ogre.
You slash the two-headed ogre! You freeze the two-headed ogre.
The two-headed ogre hits you but does no damage.
The two-headed ogre hits you with a +0 giant club!
* * * LOW HITPOINT WARNING * * *
The two-headed ogre hits you with a +0 giant spiked club!
* * * LOW HITPOINT WARNING * * *
The two-headed ogre hits you with a +0 giant spiked club.
* * * LOW HITPOINT WARNING * * *
The two-headed ogre closely misses you.
The two-headed ogre hits you with a +0 giant club!
You die...

.. ~~. ~~..
~...######
~~.......#
.........#
#........#
......O@O#####.
#######OO).....
#..O.....
#........
#........
#########........
.................
........#........
.
..#####.#........


You could see 4 two-headed ogres and an ogre mage.

Vanquished Creatures
  Frances (D:13)
  A quicksilver ooze (Gauntlet)
  Nessos (Orc:2)
  A minotaur (Gauntlet)
  An ettin (D:15)
  Josephine (D:11)
  A fire dragon (Lair:5)
  An entropy weaver (shapeshifter) (D:14)
  Erolcha (Orc:2)
  5 ogre magi
  3 hydras
  A centaur warrior (D:14)
  A boulder beetle (D:8)
  Erica (D:8)
  A tengu warrior (D:15)
  27 two-headed ogres
  A hell knight (D:15)
  An orc high priest (Orc:1)
  A skyshark (Lair:3)
  A fire crab (Lair:5)
  4 skeletal warriors
  2 arcanists (D:13)
  Pikel (D:4)
  3 necromancers
  4 lindwurms (Lair:4)
  A deep elf pyromancer (D:12)
  4 orc knights
  An orc sorcerer (Orc:2)
  A wolf spider zombie (D:8)
  10 ugly things
  Maurice (D:11)
  4 cyclopes
  4 elephants (Lair:5)
  2 manticores
  A moth of wrath (Gauntlet)
  9 black mambas
  5 centaur zombies
  2 molten gargoyles (Lair:5)
  7 cane toads
  2 centaur skeletons (D:8)
  2 gargoyles
  2 minotaur zombies (Gauntlet)
  An unseen horror (D:11)
  3 rime drakes
  3 yaktaurs (D:14)
  An efreet (D:14)
  7 komodo dragons
  8 trolls
  A hellwing (D:8)
  Prince Ribbit (D:7)
  Grinder (D:4)
  5 blink frogs
  6 shadows
  8 wraiths
  15 slime creatures
  3 water elementals (D:11)
  6 basilisks
  13 wyverns
  46 yaks
  2 vampires
  Eustachio (D:4)
  Menkaure (D:4)
  6 vampire mosquitoes
  2 steam dragons
  3 redbacks (Gauntlet)
  A naga (Lair:2)
  2 wargs
  2 acid dragons
  Duvessa (D:6)
  9 water moccasins
  4 hell hounds (Lair:5)
  13 orc warriors
  3 ice beasts
  A hornet zombie (D:8)
  A black bear (D:6)
  22 wolves
  29 ogres
  4 lemures (D:4)
  A centaur (D:8)
  A phantom (D:7)
  13 bullfrogs
  3 scorpions (D:5)
  3 gnoll sergeants
  11 wights
  Dowan (D:6)
  2 howler monkeys (D:9)
  14 electric eels
  5 lava snakes (Lair:5)
  4 hounds
  2 gnoll boudas
  16 orc priests
  7 iguanas
  Ijyb (D:4)
  8 orc wizards
  Robin (D:4)
  22 gnolls
  10 adders
  6 shadow imps
  2 white imps (D:5)
  3 worms (D:2)
  6 dart slugs
  31 orcs
  7 endoplasms
  3 giant cockroaches
  14 goblins
  10 hobgoblins
  7 kobolds
  3 quokkas
  5 ball pythons
  6 bats
  4 frilled lizards
  9 rats
  A butterfly (Lair:3)
601 creatures vanquished.

Notes
Turn   | Place    | Note
-------+----------+-------------------------------------------
     0 | D:1      | strifetoe the Minotaur Fighter began the quest for the Orb.
     0 | D:1      | Reached XP level 1. HP: 19/19 MP: 0/0
    68 | D:1      | Reached XP level 2. HP: 26/26 MP: 1/1
   424 | D:1      | Reached XP level 3. HP: 31/31 MP: 2/2
   678 | D:2      | Found Xeggathri's Armour Shop.
   784 | D:2      | Found Cul Qoor's Assorted Antiques.
   794 | D:2      | Reached skill level 5 in Axes
   818 | D:2      | Bought a scroll labelled HESKAO WEITEYV for 17 gold pieces
   818 | D:2      | Bought a scroll labelled ONASEG UMOKK for 17 gold pieces
   818 | D:2      | Bought a scroll labelled YDGHIT FOATUASCH for 17 gold
                  | pieces
   818 | D:2      | Bought a scroll labelled USUHEB HEUWU for 17 gold pieces
   952 | D:2      | Got the Meditations on the Mortuary and Calefaction
   982 | D:2      | Found Veavoluo's Armour Boutique.
  1149 | D:2      | Found Sutya's Magic Scroll Shop.
  1227 | D:2      | Found Isigemew's Armour Shoppe.
  1227 | D:2      | Noticed an animated gold dragon scales
  1228 | D:2      | Noticed an animated crystal plate armour
  1230 | D:2      | Reached XP level 4. HP: 39/39 MP: 3/3
  1522 | D:2      | Found a faded altar of an unknown god.
  1988 | D:3      | Reached XP level 5. HP: 36/45 MP: 4/4
  2349 | D:4      | Found a shadowy altar of Dithmenos.
  2349 | D:4      | Noticed Menkaure
  2431 | D:4      | Noticed Grinder
  2441 | D:4      | Killed Grinder
  2442 | D:4      | Reached XP level 6. HP: 28/51 MP: 5/5
  2535 | D:4      | Noticed Eustachio
  2560 | D:4      | Killed Eustachio
  2615 | D:4      | Killed Menkaure
  2616 | D:4      | Reached XP level 7. HP: 14/57 MP: 6/6
  2770 | D:4      | Noticed Robin
  2773 | D:4      | Found a staircase to the Ecumenical Temple.
  2780 | D:4      | Killed Robin
  2781 | D:4      | Reached skill level 10 in Axes
  2787 | D:4      | Noticed Pikel
  2806 | D:4      | Killed Pikel
  2807 | D:4      | Reached XP level 8. HP: 26/64 MP: 7/7
  2997 | D:4      | Noticed Ijyb
  3006 | D:4      | Killed Ijyb
  3350 | D:5      | Entered Level 5 of the Dungeon
  3910 | D:5      | Found a shimmering altar of Xom.
  3916 | D:5      | Reached skill level 5 in Fighting
  3916 | D:5      | Reached skill level 5 in Armour
  4375 | D:6      | Found Syutenol's Assorted Antiques.
  4382 | D:6      | Reached XP level 9. HP: 67/75 MP: 8/8
  4521 | D:6      | Bought a scroll labelled LEARHABINOA for 28 gold pieces
  4521 | D:6      | Found Oruu's Armour Emporium.
  4535 | D:6      | Found Wefa's Book Boutique.
  5023 | D:6      | Noticed Duvessa
  5023 | D:6      | Noticed Dowan
  5027 | D:6      | Killed Dowan
  5029 | D:6      | Killed Duvessa
  5295 | D:7      | Noticed Prince Ribbit
  5302 | D:7      | Killed Prince Ribbit
  6180 | D:8      | Reached XP level 10. HP: 91/91 MP: 9/9
  6182 | D:8      | Noticed Erica
  6191 | D:8      | Killed Erica
  6192 | D:8      | Reached skill level 5 in Shields
  6410 | D:8      | Noticed a two-headed ogre
  6459 | D:8      | Killed a two-headed ogre
  6651 | Temple   | Entered the Ecumenical Temple
  6719 | Temple   | Became a worshipper of Makhleb the Destroyer
  6885 | D:8      | Reached skill level 15 in Axes
  6885 | D:8      | Found the +6 arbalest "Damnation" {damnation}
  6917 | D:8      | Reached skill level 1 in Ranged Weapons
  7039 | D:8      | Reached skill level 2 in Ranged Weapons
  7039 | D:8      | Reached XP level 11. HP: 85/97 MP: 10/10
  7044 | D:8      | Reached * piety under Makhleb
  7123 | D:8      | Reached skill level 3 in Ranged Weapons
  7238 | D:8      | Noticed a boulder beetle
  7526 | D:8      | Killed a boulder beetle
  7527 | D:8      | Reached skill level 4 in Ranged Weapons
  7926 | D:9      | Reached skill level 5 in Ranged Weapons
  8485 | D:10     | Entered Level 10 of the Dungeon
  8491 | D:10     | Reached skill level 6 in Ranged Weapons
  8551 | D:10     | Reached skill level 7 in Ranged Weapons
  8714 | D:10     | Reached skill level 1 in Invocations
  9135 | D:10     | Found a staircase to the Orcish Mines.
  9212 | D:10     | Noticed a red ugly thing
  9218 | D:10     | Killed a red ugly thing
  9355 | D:11     | Found a staircase to the Lair.
  9403 | D:11     | Reached skill level 8 in Ranged Weapons
  9492 | D:11     | Noticed Josephine
  9499 | D:11     | Killed Josephine
  9500 | D:11     | Reached skill level 9 in Ranged Weapons
  9583 | D:11     | Found a large runed translucent door.
  9583 | D:11     | Found a large runed translucent door.
  9585 | D:11     | Noticed RabbitInGlasses's ghost (journeyman DrEE)
  9607 | D:11     | Reached ** piety under Makhleb
  9796 | D:11     | Reached skill level 10 in Ranged Weapons
 10377 | D:11     | Noticed Maurice
 10381 | D:11     | Killed Maurice
 10400 | D:11     | You fall into a shaft and drop 2 floors!
 10448 | D:12     | Reached XP level 12. HP: 88/104 MP: 10/13
 10465 | D:12     | Reached skill level 11 in Ranged Weapons
 11432 | D:12     | Noticed a two-headed ogre
 11433 | D:12     | Reached skill level 12 in Ranged Weapons
 11434 | D:12     | Killed a two-headed ogre
 11593 | D:12     | Reached skill level 13 in Ranged Weapons
 11636 | D:12     | Noticed a two-headed ogre
 11647 | D:12     | Killed a two-headed ogre
 11829 | D:12     | Reached *** piety under Makhleb
 11832 | D:12     | Reached skill level 10 in Fighting
 11832 | D:12     | Reached skill level 10 in Armour
 12304 | Lair:1   | Entered Level 1 of the Lair of Beasts
 13132 | Lair:2   | Reached XP level 13. HP: 106/114 MP: 12/14
 13174 | Lair:2   | Identified the +1 flail "Teuph" {flame, rElec Dex+5}
 13190 | Lair:2   | Identified the +10 dagger "Daivab" {protect, rF- rCorr
                  | Str+4}
 13218 | Lair:2   | Reached skill level 14 in Ranged Weapons
 13364 | Lair:2   | Found a staircase to the Snake Pit.
 13426 | Lair:2   | Reached **** piety under Makhleb
 14401 | Lair:3   | Found a staircase to the Swamp.
 15881 | Lair:4   | Reached skill level 15 in Ranged Weapons
 16114 | Lair:4   | Identified the +2 plate armour of Kaumofiapt {Rampage
                  | rPois}
 16670 | Lair:4   | Found the +10 zealot's sword {holy, Zealotry, *Rage rN+
                  | EV+3}
 16720 | Lair:4   | Identified the amulet of Reuseih {Faith Will+ rCorr Int+3
                  | Slay+2 Stlth-}
 16724 | Lair:4   | Identified the +2 hand axe of Blood-Lust {vamp, rPois rC+}
 16774 | Lair:5   | Entered Level 5 of the Lair of Beasts
 16786 | Lair:5   | Reached skill level 16 in Ranged Weapons
 16795 | Lair:4   | Reached ***** piety under Makhleb
 16893 | Lair:5   | Found a staircase to the Slime Pits.
 16893 | Lair:5   | Found a viscous altar of Jiyva.
 16903 | Lair:5   | Found a transporter.
 16913 | Lair:5   | Identified the amulet of Eshramad {Faith -Tele rPois rC++
                  | Regen+ Int-4}
 16914 | Lair:5   | Noticed Giseadgh's ghost (adept FoFi)
 16921 | Lair:5   | Found a transporter.
 17225 | Lair:5   | Found a large runed translucent door.
 17249 | Lair:5   | Reached skill level 17 in Ranged Weapons
 17278 | Lair:5   | Reached XP level 14. HP: 124/124 MP: 15/15
 17286 | Lair:5   | Found a large runed translucent door.
 17636 | Lair:5   | Found a bloodstained altar of Trog.
 17947 | Orc:1    | Entered Level 1 of the Orcish Mines
 18082 | Orc:2    | Entered Level 2 of the Orcish Mines
 18082 | Orc:2    | Noticed Nessos
 18991 | Orc:1    | Reached skill level 18 in Ranged Weapons
 20307 | Orc:2    | Killed Nessos
 20632 | Orc:2    | Noticed Erolcha
 20634 | Orc:2    | Killed Erolcha
 20810 | Orc:2    | Found a staircase to the Elven Halls.
 20956 | Orc:2    | Found Rifraew's Book Shoppe.
 20956 | Orc:2    | Found Lacubb's Antique Armour Shop.
 20957 | Orc:2    | Found Cyteruje's Weapon Emporium.
 20957 | Orc:2    | Found Amno's Jewellery Shop.
 21167 | Orc:2    | Bought a ring of poison resistance for 280 gold pieces
 21289 | Orc:1    | Reached ****** piety under Makhleb
 21514 | Orc:1    | Found Wighej's Armour Shop.
 21839 | D:13     | Noticed Frances
 21846 | D:13     | Killed Frances
 22090 | D:13     | Found a gate to the Vaults.
 22210 | D:13     | Reached XP level 15. HP: 124/134 MP: 16/16
 22518 | D:13     | Found a portal to a secret trove of treasure.
 22603 | D:14     | Found a gate leading to a gauntlet.
 22622 | Gauntlet | Entered a Gauntlet
 22622 | Gauntlet | Found a transporter.
 22622 | Gauntlet | Found a transporter.
 22626 | Gauntlet | Found a transporter.
 22626 | Gauntlet | Found a transporter.
 22627 | Gauntlet | Found a transporter.
 22639 | Gauntlet | Found a transporter.
 22642 | Gauntlet | Found a transporter.
 22663 | Gauntlet | Found a transporter.
 22671 | Gauntlet | Found a transporter.
 22685 | Gauntlet | Found a transporter.
 22723 | Gauntlet | Found a transporter.
 22731 | Gauntlet | Found a transporter.
 22877 | Gauntlet | Identified the ring "Boemm" {rCorr Dex+6 Slay-2 SInv}
 22916 | Gauntlet | Identified the amulet "Igemumue" {Spirit Slay+3}
 23873 | D:15     | Entered Level 15 of the Dungeon
 23936 | D:15     | Found a shadowy altar of Dithmenos.
 24010 | D:15     | Reached skill level 15 in Armour
 24056 | D:15     | Found a staircase to the Depths.
 24089 | D:15     | HP: 3/138 [two-headed ogre/+0 giant spiked club (15)]
 24089 | D:15     | Mangled by a two-headed ogre

Illustrated notes

Levels and vault maps discovered:
D:1:      shiori_arrival_maze, layout_basic
D:2:      layout_loops_corners, dreamdust_ecumenical_altar_hidden_monk_grotto,
          serial_shops, nicolae_shop_just_a_little_nook,
          nicolae_shop_tiny_statue_garden, nicolae_shop_mannequins,
          nicolae_shop_real_fake_doors, nicolae_shop_rolling_square,
          serial_glass, glass_columns_b, glass_columns_b, feat_on_display,
          feat_on_display, item_on_display_a, feat_on_display
D:3:      layout_basic, chequers_serial_rivers_micro_a
D:4:      layout_basic, lemuel_tele_altar, minmay_temple_entry_large_hall,
          uniq_grinder, uniq_robin, uniq_ijyb, uniq_pikel, uniq_eustachio,
          uniq_menkaure
D:5:      layout_loops_corners, minmay_ruined_shrine
D:6:      dreamdust_elfheim, layout_cave_pools, serial_shops,
          nicolae_stop_n_shop_1, nicolae_stop_n_shop_1,
          nicolae_shop_competitors_out_of_business
D:7:      layout_basic, uniq_prince_ribbit1
D:8:      cheibrodos_grave_circle, layout_loops_ring, uniq_erica
D:9:      layout_roguey
D:10:     layout_small_grid, orc_0_dummy, dk_vineyard_3
D:11:     layout_basic, lair_entry_dummy, ebering_ghost_disaster_area,
          uniq_maurice, uniq_josephine
D:12:     layout_big_octagon, minivault_16, minmay_holes
D:13:     layout_basic, david_vaults_1, portal_ice_cave_entry_pillars_1,
          nicolae_trove_entry_columns, uniq_frances
D:14:     layout_gridville, gauntlet_entry_generic, kennysheep_decorative_pillar
D:15:     hangedman_depths_entry_civil_slaughter, layout_irregular_city,
          serial_park_square1 [serial_park_minivault_5x5_7], serial_undead,
          serial_undead_f, serial_undead_a, serial_undead_d, serial_undead_e,
          serial_undead_d, serial_undead_f, nicolae_dithmenos_shadow_blocks
Temple:   mainiacjoe_temple_starburst
Lair:1:   layout_roguey
Lair:2:   layout_concentric_octagons, guppyfry_snake_entry_garden,
          serial_bayou_shore_a
Lair:3:   layout_small_grid, swamp_mist_pool, lemuel_fruit_fields
Lair:4:   layout_roguey, minivault_19, minmay_lindwurm_lava, grunt_megastairs_5,
          serial_bayou_shore_b, lemuel_fruit_tree
Lair:5:   cheibrodos_lair_end_hotspot, layout_misc_corridors, slime_entry_1,
          gammafunk_ghost_wrathful_warriors
Orc:1:    layout_diamond_mine, serial_shops, shop, statue_in_the_mist_lemuel
Orc:2:    st_orc_ogre_mass, layout_caves, david_defended_altar_orc, uniq_nessos,
          uniq_erolcha

Skill      XL: |  1  2  3  4  5  6  7  8  9 10 11 12 13 14 15 |
---------------+----------------------------------------------+-----
Axes           | 3 4 5 6 8 9 11 12 15 16 17 | 17.5
Fighting       | 6 9 10 11 12 14 | 14.2
Armour         | 6 9 10 12 13 15 | 15.2
Shields        | 4 6 |  6.1
Ranged Weapons | 2 10 13 17 18 | 18.0
Invocations    | 3 |  3.2

Action                     |  1- 3 |  4- 6 |  7- 9 | 10-12 | 13-15 || total
---------------------------+-------+-------+-------+-------+-------++-------
  Melee: War axe           |    83 |    62 |   176 |   387 |   353 ||  1061
         Headbutt          |     7 |     9 |    33 |    98 |    83 ||   230
         Punch             |       |       |       |     3 |     7 ||    10
         Unarmed           |       |       |       |       |     1 ||     1
   Fire: Arbalest          |       |       |       |    43 |   273 ||   316
 Invoke: Lesser Servant of |       |       |       |       |     1 ||     1
  Evoke: Wand              |       |       |       |    18 |     3 ||    21
    Use: Scroll            |     7 |     4 |     6 |    10 |     6 ||    33
         Potion            |       |     1 |       |     3 |     3 ||     7
 Armour: Scale mail        |    55 |    16 |       |       |       ||    71
         Crystal plate arm |       |    17 |   178 |   447 |   505 ||  1147
         Plate armour      |       |       |       |       |   204 ||   204
         Skin              |       |       |       |       |     2 ||     2
  Dodge: Dodged            |    32 |    16 |    42 |    65 |   189 ||   344
  Block: Buckler           |    17 |     5 |    32 |    44 |       ||    98

Table legend: (Time is in decaauts)
 A = Elapsed time spent in this place.
 B = Non-inter-level travel time spent in this place.
 C = Inter-level travel time spent in this place.
 D = Time resting spent in this place.
 E = Time spent auto-exploring this place.
 F = Levels seen in this place.
 G = Mean time per level.
                   A        B        C        D        E       F      G
               +--------+--------+--------+--------+--------+-----+--------+
         Total |  24134 |  22984 |   1150 |   5519 |  13002 |  24 | 1005.6 |
       Dungeon |  14880 |  14015 |    865 |   2414 |   9289 |  15 |  992.0 |
        Temple |    131 |    131 |      0 |      0 |      0 |   1 |  131.0 |
          Lair |   5433 |   5254 |    179 |   1052 |   3311 |   5 | 1086.6 |
  Orcish Mines |   3349 |   3245 |    104 |   2036 |    401 |   2 | 1674.5 |
      Gauntlet |    338 |    338 |      0 |     17 |      0 |   1 |  338.0 |
               +--------+--------+--------+--------+--------+-----+--------+

Top non-repeatable levels by time:
   Orc:1: 2421 daAuts
    D:11: 2072 daAuts
  Lair:3: 1676 daAuts
     D:8: 1339 daAuts
    D:10: 1334 daAuts
     D:7: 1282 daAuts
  Lair:4: 1149 daAuts
  Lair:2: 1142 daAuts
     D:5: 1110 daAuts
     D:4: 1056 daAuts
     D:2: 1050 daAuts
    D:12: 964 daAuts
    D:14: 948 daAuts
   Orc:2: 928 daAuts
    D:13: 824 daAuts
